[Event "Early-Titled-Tuesday-Blitz-February-27-2024"]
[Site "Chess.com"]
[Date "2024.02.27"]
[Round "5"]
[White "Boorchess"]
[Black "Balla_Tamas"]
[Result "0-1"]
[WhiteElo "2557"]
[BlackElo "2420"]
[TimeControl "180+1"]
[EndTime "8:55:44 PST"]
[Termination "Balla_Tamas won on time"]

1. d4 d5 2. c4 e6 3. Nf3 c5 4.
cxd5 exd5 5. Nc3 Nc6 6. dxc5 d4 7. Na4 Bxc5 8. Nxc5 Qa5+ 9. Qd2 Qxc5 10. e3 dxe3 11. Qxe3+ Qxe3+ 12. Bxe3 Nf6 13. Bb5 Bd7 14. O-O O-O 15.
Rac1 a6 16. Be2 Rfe8 17. Rfe1 Rad8 18. Bb6 Rc8 19. h3 Nd5 20. Bc5 Be6 21. a3 Nf4 22. Bf1 Rcd8 23. Rcd1 Bd5 24. Be3 Bxf3 25. Rxd8 Nxh3+ 26. gxh3 Rxd8 27. Bb6 Rc8 28. Bc4 Bh5 29. Ba2 h6 30. f4 Bg6 31. Kf2 Bf5 32. Rd1 Re8 33.
Bd5 Bxh3 34. Bxc6 bxc6 35. Rd6 Bg4 36. Bd4 Re6 37. Rd8+ Kh7 38. Ra8 h5 39. Rxa6 h4 40. Ra5 h3 41. Kg3 f5 42. Be5 Re7 43. Rc5 Rd7 44.
Rxc6 Rd3+ 45. Kf2 Rd2+ 46. Ke3 h2 47. Kxd2 h1=Q 48. Rc7 Qd5+ 49. Kc3 Kh6 50. Bxg7+ Kh5 51. Be5 Be2 52. Kb4 Qb5+ 53. Kc3 Kg4 54. b3 Qa5+ 55. Kb2 Qd2+ 56. Rc2 Qd3 57. Rc3 Qd5 58. a4 Bf3 59. Ka3 Be4 60. Kb4 Qb7+ 61. Kc4 Qd5+ 62.
Kb4 Qb7+ 63. Kc4 Qa6+ 64. Kb4 Bd5 65. Rc5 Qb6+ 66. Rb5 Qc6 67. a5 Be6 68. Rb6 Qd5 69. Ka4 Qe4+ 70. b4 Bd7+ 71. Kb3 Qd3+ 72. Kb2 Ba4 73.
a6 Qc2+ 74. Ka1 Bb3 0-1

[Event "Early-Titled-Tuesday-Blitz-February-27-2024"]
[Site "Chess.com"]
[Date "2024.02.27"]
[Round "5"]
[White "janhelmer03"]
[Black "tsaruk_maks"]
[Result "1-0"]
[WhiteElo "2376"]
[BlackElo "2743"]
[TimeControl "180+1"]
[EndTime "8:55:48 PST"]
[Termination "janhelmer03 won by resignation"]

1. d4 d6 2. e4 Nf6 3. Nc3 e5 4.
dxe5 dxe5 5. Qxd8+ Kxd8 6. Nf3 Bd6 7. Bc4 Be6 8. Bxe6 fxe6 9. Be3 a6 10. Nd2 Ke7 11. f3 Nbd7 12. Nb3 h6 13. O-O-O Rhc8 14. Na4 c5 15. c4 b5 16. Nc3 Nb6 17. cxb5 c4 18.
Bxb6 cxb3 19. axb3 axb5 20. Kd2 Bb4 21. Ra1 Nh5 22. Rxa8 Rxa8 23. Kc2 Rc8 24. Be3 Nf4 25. Bxf4 exf4 26. Ra1 Rc5 27. Ra7+ Kf6 28. Kd3 Rg5 29.
e5+ Kxe5 30. Rb7 Rxg2 31. Rxb5+ Kf6 32. Rxb4 e5 33. Ne4+ Kf5 34. Rb6 Rxh2 35. b4 Rxb2 36. b5 h5 37. Rb8 h4 38. b6 h3 39. b7 Kg6 40. Rh8 Rxb7 41. Rxh3 Rb2 42. Rh8 Kf5 43. Rf8+ Ke6 44. Re8+ Kf5 45. Nd6+ Kf6 46. Ne4+ Kf5 47.
Nd6+ Kf6 48. Nc4 Rb3+ 49. Ke4 g5 50. Rxe5 Rb4 51. Rf5+ Kg6 52. Rc5 Rb3 53. Rc6+ Kh5 54. Ne5 Kh4 55. Kf5 Kg3 56. Kxg5 Rb5 57. Kf5 Rb8 58.
Rg6+ Kf2 59. Kxf4 Rf8+ 60. Ke4 Ra8 61. f4 Ra4+ 62. Kf5 Ke3 63. Rg4 Kd4 64. Kg5 Kd5 65. f5 Ra8 66. Nf3 Rg8+ 67. Kf4 Rf8 68. Rg5 Kd6 69. Rg6+ Ke7 70. Nh4 Ra8 71. Kg5 Ra2 72. Rg7+ Kf8 73. f6 Rg2+ 74. Nxg2 1-0

[Event "Early-Titled-Tuesday-Blitz-February-27-2024"]
[Site "Chess.com"]
[Date "2024.02.27"]
[Round "5"]
[White "Abund"]
[Black "platy3"]
[Result "1-0"]
[WhiteElo "2769"]
[BlackElo "2933"]
[TimeControl "180+1"]
[EndTime "8:55:49 PST"]
[Termination "Abund won by resignation"]

1. e4 c5 2. Nf3 e6 3. c3 d5 4. exd5 Qxd5 5. d4 Nf6 6. Na3 a6 7. Nc4 Nbd7 8. a4 b6 9. Be2 Bb7 10. O-O Be7 11. Be3 O-O 12. dxc5 Bxc5 13. Qxd5 Bxd5 14. Bxc5 bxc5 15. b4 Ne4 16. Rfc1 Rfc8 17. Nfd2 Nxd2 18. Nxd2 Ne5 19. c4 Bb7 20. b5 a5 21. Nb3 Kf8 22. Rd1 Ke7 23. Rd2 Nd7 24. Kf1 Nb6 25. f3 g5 26. Kf2 h6 27. Rad1 Kf6 28.
Ra1 Ke7 29. Ke3 Rc7 30. g3 f6 31. Bd3 e5 32. Re2 Bc8 33. Kd2 Be6 34. Kc3 Kf7 35. Re3 Nd7 36. Rae1 Nb6 37. Ra1 Nd7 38. Re2 f5 39. Rae1 Kf6 40. Bc2 Bf7 41. Bd3 Be6 42. Rd2 Nb6 43. Ra1 Bf7 44. Re2 Bh5 45. Re3 f4 46. gxf4 gxf4 47. Ree1 Bxf3 48. Be4 Bxe4 49. Rxe4 Nd7 50. Rae1 Kf5 51. Nd2 Rg8 52. Nf3 Re8 53. Nh4+ Kf6 54. Rxf4+ exf4 55. Rxe8 Ne5 56. Rf8+ Ke6 57.
Rxf4 Rd7 58. Re4 Rd3+ 59. Kc2 Ra3 60. Ng6 Kf5 61. Rxe5+ Kxg6 62. Rxc5 Rxa4 63. b6 Rb4 64. Rc6+ Kf5 65. c5 a4 66. Rc7 a3 67. Ra7 Rb5 68. Rxa3 Rxc5+ 69. Rc3 Re5 70. b7 Re2+ 71. Kb3 Re1 72.
Rc2 Rb1+ 73. Rb2 1-0

[Event "Early-Titled-Tuesday-Blitz-February-27-2024"]
[Site "Chess.com"]
[Date "2024.02.27"]
[Round "5"]
[White "xamax2000"]
[Black "SlavenPastar"]
[Result "1/2-1/2"]
[WhiteElo "2830"]
[BlackElo "2622"]
[TimeControl "180+1"]
[EndTime "8:55:49 PST"]
[Termination "Game drawn by stalemate"]

1. Nf3 Nf6 2. c4 b6 3. g3 Bb7 4. Bg2 e6 5. O-O Be7 6. Nc3 O-O 7. d4 Ne4 8. Bd2 f5 9. Ne5 Nxc3 10. Bxc3 Bxg2 11.
Kxg2 d6 12. Nd3 Qe8 13. Nf4 Bg5 14. Nd3 Qc6+ 15. Kg1 Qxc4 16. h4 Bh6 17. Bd2 Bxd2 18.
Qxd2 Qxd4 19. Rac1 c5 20. Rfd1 Nc6 21. Nf4 Qxd2 22.
Rxd2 e5 23. Nd5 Nd4 24. Kg2 Rad8 25. e3 Nc6 26. Rcd1 Rf7 27. Nc3 Rfd7 28. a3 Kf7 29. Nd5 Ke6 30. b4 Ne7 31. Nc3 d5 32. bxc5 bxc5 33.
Na4 Rc7 34. Rc1 Rdc8 35. Rb2 c4 36. Rb5 Kd6 37. Kf3 Rc6 38. Ra5 R8c7 39. Ke2 a6 40.
Nc3 Rb6 41. Rd1 Rb2+ 42. Ke1 Rc6 43. Nxd5 Nxd5 44. Rdxd5+ Kc7 45. Rdc5 c3 46. Kd1 Rxf2 47. Kc1 Re2 48. Rxc6+ Kxc6 49. Rxe5 g6 50. Re7 Kd5 51. Rxh7 Kc4 52. Re7 Kb3 53. Rb7+ Kxa3 54. Rb6 a5 55. Rxg6 Kb3 56. Rb6+ Kc4 57. h5 Rxe3 58. Ra6 Rxg3 59. Rxa5 f4 60. Rf5 f3 61. h6 Kd3 62. Rd5+ Ke4 63.
Rd1 Rh3 64. Kc2 Rxh6 65. Kxc3 Ke3 66. Re1+ Kf2 67. Re8 Kf1 68. Kd2 f2 69. Rf8 Rh5 70.
Ke3 Re5+ 71. Kd2 Kg2 72. Rg8+ Kf3 73. Rf8+ Kg3 74. Rf7 Re4 75. Rg7+ Kf3 76. Rf7+ Rf4 77. Rxf4+ Kxf4 78. Ke2 Kg3 79. Kf1 Kf3 1/2-1/2

[Event "Early-Titled-Tuesday-Blitz-February-27-2024"]
[Site "Chess.com"]
[Date "2024.02.27"]
[Round "5"]
[White "TigrVShlyape"]
[Black "karinachess1"]
[Result "1-0"]
[WhiteElo "2866"]
[BlackElo "2629"]
[TimeControl "180+1"]
[EndTime "8:56:07 PST"]
[Termination "TigrVShlyape won by resignation"]

1. d4 Nf6 2. Bf4 e6 3. e3 Bd6 4. Bg3 Qe7 5. Nd2 b6 6. Ngf3 Bb7 7. Bd3 Bxg3 8. hxg3 d6 9. e4 e5 10. O-O Nbd7 11.
c3 O-O 12. Re1 Rfe8 13. a4 a5 14. Bb5 Red8 15. Qc2 Nf8 16. Nh4 g6 17. Nhf3 Ng4 18. Nf1 Ne6 19. Rad1 Ng7 20. N3d2 h5 21. f3 Nf6 22.
Ne3 c6 23. Bd3 Rac8 24. Qb3 Qc7 25. Ndc4 Nd7 26. Bf1 Ne6 27. Qa3 Ndf8 28. dxe5 dxe5 29. Nd6 Rb8 30. Nxb7 Qxb7 31. Bc4 Qc7 32. Kf2 b5 33. axb5 cxb5 34. Bxe6 Nxe6 35. Nd5 Qc5+ 36. Qxc5 Nxc5 37. b4 axb4 38. cxb4 Ne6 39. Nf6+ Kg7 40. Nd7 Rbc8 41. Nxe5 Rc2+ 42. Kf1 Rxd1 43. Rxd1 Rb2 44. Nd3 Ra2 45. Nf4 Nc7 46. Rd7 Na6 47. e5 Kf8 48. e6 fxe6 49. Nxg6+ Kg8 50. Ne7+ Kf8 51. Nc6 Rb2 52. Rd4 Kf7 53.
Rh4 Kg6 54. g4 hxg4 55. Rxg4+ Kf6 56. Rf4+ Kg6 57. Re4 Kf6 58. Nd4 Rxb4 59. Rxe6+ Kf7 60. Rd6 Nc5 61. Rd5 Rb1+ 62. Ke2 Na4 63. Kd3 Rb2 64. Rxb5 Rxg2 65. Nc6 Nb2+ 66. Kd4 Nd1 67. Ne5+ Ke6 68. Ng4 Rd2+ 69. Kc4 Nf2 70. Re5+ Kd6 71. Re8 Nxg4 72. Rd8+ Ke5 73. Rxd2 Ne3+ 74. Kd3 Kf4 75. Ke2 Nf5 76. Kf2 Ke5 77. Re2+ Kf4 78. Re4+ Kg5 79. Rg4+ Kf6 80. f4 Nd4 81. Ke3 Nf5+ 82. Kf3 Nd4+ 83. Ke4 Ne6 84. Rh4 Nc5+ 85. Kf3 Nd3 86. Rh6+ Kf5 87. Rh5+ Kf6 88. Rd5 Nb4 89. Rd4 Nc2 90. Rc4 Ne1+ 91. Ke4 Ng2 92.
Rc6+ Kf7 93. f5 Nh4 94. Rh6 Ng2 95. Rh2 Ne1 96. Re2 1-0

[Event "Early-Titled-Tuesday-Blitz-February-27-2024"]
[Site "Chess.com"]
[Date "2024.02.27"]
[Round "5"]
[White "vovachesss"]
[Black "ATM622"]
[Result "1/2-1/2"]
[WhiteElo "2771"]
[BlackElo "2543"]
[TimeControl "180+1"]
[EndTime "8:56:21 PST"]
[Termination "Game drawn by repetition"]

1. c4 e6 2. Nc3 d5 3. d4 Nf6 4. Nf3 Be7 5. g3 O-O 6. Bg2 dxc4 7. Ne5 c5 8. Be3 Nd5 9. Nxd5 exd5 10. dxc5 Qa5+ 11.
Qd2 Qxd2+ 12. Kxd2 Be6 13. b4 Nc6 14. Nxc6 bxc6 15.
a4 Bf6 16. b5 d4 17. Bf4 c3+ 18. Kc2 Bf5+ 19. Kb3 Be6+ 20. Kb4 a5+ 21. Ka3 Be7 22. Bd6 Bxd6 23. cxd6 cxb5 24. axb5 Rab8 25. Ka4 Bc4 26. Bc6 Bxe2 27. Kxa5 d3 28. Kb4 c2 29. Kc3 Rfd8 30. d7 d2 31. Kxc2 Bxb5 32. Bxb5 Rxb5 33. Rhd1 Rc5+ 34.
Kxd2 Rxd7+ 35. Ke3 Re7+ 36. Kf3 Rc8 37. Rdc1 Rd8 38. Rd1 Rde8 39. h4 h6 40. Rd2 Rc7 41. Raa2 Rc3+ 42. Kg2 Rc7 43. Re2 Rce7 44. Rec2 Rd7 45.
Kh3 Kh7 46. h5 Re5 47. g4 Rd3+ 48. Kh4 Re1 49. f4 Ree3 50. Rh2 Rf3 51. Raf2 f6 52. Rxf3 Rxf3 53. f5 Rd3 54. Re2 Kg8 55. Re7 Kh7 56. Rb7 Rc3 57. Rb8 Rd3 58. Rc8 Re3 59. Rd8 Rc3 60.
Re8 Rb3 61. Rd8 Ra3 62. Rd1 Rb3 63. Rg1 Ra3 64. Rg3 Ra1 65. Rd3 Rg1 66. Kh3 Kg8 67.
Rd7 Kh7 68. Rd4 Kg8 69. Kh2 Ra1 70. Kg3 Rf1 71. Kg2 Ra1 72. Kf3 Rg1 73. Ke3 Re1+ 74. Kd3 Re5 75. Kc4 Kh7 76. Rd5 Re4+ 77. Rd4 Re5 78. Kd3 Kg8 79. Re4 Rd5+ 80. Kc4 Rd1 81. Rd4 Re1 82. Kd5 Kh7 83. Kd6 Re8 84. Kd7 Re5 85. Kd8 Re3 86. Kc7 Re1 87. Kd6 Re3 88. Kd7 Re1 89. Kd8 Re5 90. Kd7 Re1 91. Kd6 1/2-1/2

[Event "Early-Titled-Tuesday-Blitz-February-27-2024"]
[Site "Chess.com"]
[Date "2024.02.27"]
[Round "5"]
[White "sotochess"]
[Black "carlocapau"]
[Result "1-0"]
[WhiteElo "2635"]
[BlackElo "2471"]
[TimeControl "180+1"]
[EndTime "8:56:23 PST"]
[Termination "sotochess won by resignation"]

1. e4 c5 2. Nf3 Nc6 3. d4 cxd4 4. Nxd4 e5 5. Nb5 d6 6. c4 Be6 7. Be3 Nf6 8. N5c3 g6 9. Be2 Bg7 10. f3 O-O 11. O-O Nd4 12. Na3 Rc8 13. Re1 Nh5 14.
Bf1 Nf4 15. Qd2 g5 16. Ncb5 Qb6 17. Rad1 Rfd8 18. Nxd4 exd4 19. Bxd4 Bxd4+ 20. Qxd4 Qc5 21. Qxc5 dxc5 22. Kf2 f6 23. Ke3 Kf7 24. Nb5 Ke7 25. b3 Ng6 26. a4 Ne5 27. Nxa7 Ra8 28. Nb5 h5 29. Nc7 Rac8 30. Nxe6 Kxe6 31. Rd5 Rxd5 32. cxd5+ Kd6 33. g3 c4 34. b4 c3 35. Rc1 c2 36. f4 gxf4+ 37. gxf4 Ng4+ 38. Kd2 Nf2 39. Bd3 f5 40. e5+ Kxd5 41. Bxf5 Rf8 42. Bxc2 Rxf4 43.
Ke3 Rf8 44. Bb3+ Kxe5 45. Rc5+ Kd6 46. Rxh5 Ng4+ 47. Kd4 Rf4+ 48. Kc3 Rf3+ 49. Kb2 Rf2+ 50. Ka3 Rxh2 51. Rb5 Rh7 52. a5 Ne5 53. Rd5+ Ke6 54.
b5 Rd7 55. Rxd7+ Kxd7 56. Kb4 Kc7 57. Kc5 Nd3+ 58. Kd4 Nf4 59. Bd5 Ne2+ 60. Kc5 Nc3 61.
b6+ Kc8 62. Bf3 Nb1 63. Kb4 Nd2 64. Bd5 Nf1 65. Kb5 Ne3 66. Be6+ Kb8 67. Kc5 Nc2 68. Bf5 Ne3 69. Be6 Ng2 70. Bd5 Nf4 71. Bc4 Ng6 72. Kd6 Nf4 73. Bf1 Ng6 74. Bd3 Nf4 75. Be4 Ne2 76. Kc5 Nc3 77. Bc6 Na2 78. Bb5 Nc3 79. Bd3 Na4+ 80. Kb4 Nb2 81. Be2 Ka8 82.
Kb3 Kb8 83. Kxb2 Ka8 84. Kc3 Kb8 85. Kd4 Ka8 86. Kc5 Kb8 87. Bf3 Ka8 88. a6 Kb8 89. a7+ Ka8 90. Bxb7+ Kxb7 91. Kb5 Ka8 92. Kc5 Kb7 93.
a8=Q+ Kxa8 94. Kc6 Kb8 95. b7 Ka7 96. Kc7 Ka6 97.
b8=Q 1-0

[Event "Early-Titled-Tuesday-Blitz-February-27-2024"]
[Site "Chess.com"]
[Date "2024.02.27"]
[Round "5"]
[White "Akewjon"]
[Black "Boundless_Strike"]
[Result "1/2-1/2"]
[WhiteElo "2809"]
[BlackElo "2616"]
[TimeControl "180+1"]
[EndTime "8:56:28 PST"]
[Termination "Game drawn by repetition"]

1. d4 e5 2. dxe5 d6 3. exd6 Bxd6 4. Nf3 Nc6 5. e3 Bg4 6. h3 Bh5 7. Nbd2 Qe7 8. Be2 O-O-O 9. O-O Nf6 10. b3 Bxf3 11. Nxf3 Bh2+ 12. Kxh2 Rxd1 13. Rxd1 Ne4 14. Rf1 Qf6 15. Rb1 Nc3 16. Bb2 Qd6+ 17. Kh1 Nxe2 18. Rbe1 Ng3+ 19. fxg3 Qxg3 20. e4 Re8 21. e5 g5 22. Re4 f5 23. Rc4 g4 24. hxg4 fxg4 25. Nh2 h5 26. Re4 Nd8 27. Ref4 Ne6 28. Rf6 h4 29.
Rg6 h3 30. gxh3 Qxh3 31. Rxg4 Rh8 32. Rg2 Ng5 33. e6 Nxe6 34. Bxh8 Qxh8 35. Re2 Nd4 36.
Ref2 Qe5 37. c3 Ne6 38. c4 Qe4+ 39. Nf3 b6 40. Re1 Qf5 41. Kg1 Nf4 42. Rff1 Qg4+ 43. Kf2 Qg2+ 44. Ke3 Ne6 45. Rf2 Qg7 46. Nd2 Qc3+ 47.
Ke2 Nd4+ 48. Kf1 Qd3+ 49. Kg1 Nc2 50. Re4 a5 51. c5 bxc5 52. Rc4 Nd4 53. Rxc5 Ne2+ 54.
Kg2 Qxd2 55. Re5 Qd4 56. Rexe2 Qg4+ 57. Kf1 Qh3+ 58. Ke1 Qc3+ 59. Kd1 Qa1+ 60. Kc2 Qxa2+ 61. Kc3 Qa3 62. Ra2 Qb4+ 63. Kc2 Qc5+ 64. Kb1 Qb4 65. Rfc2 Kb7 66. Kc1 Qe1+ 67. Kb2 Qe5+ 68. Kb1 Qb5 69. Rab2 c6 70. Rc4 Kb6 71. Ka2 Qd5 72. Rbc2 Qb5 73.
Ka3 Qd5 74. Ka4 Qb5+ 75. Ka3 Kb7 76. Rc5 Qb4+ 77. Ka2 Qb6 78. R2c4 Kc7 79. Ka3 Kd6 80.
Rh5 Qg1 81. Rh6+ Kd5 82. Rh5+ Kd6 83. Rh6+ Kd5 84. Rh5+ Kd6 1/2-1/2

[Event "Early-Titled-Tuesday-Blitz-February-27-2024"]
[Site "Chess.com"]
[Date "2024.02.27"]
[Round "5"]
[White "wild3000"]
[Black "1mbl4"]
[Result "0-1"]
[WhiteElo "2444"]
[BlackElo "2605"]
[TimeControl "180+1"]
[EndTime "8:56:40 PST"]
[Termination "1mbl4 won by checkmate"]

1. d4 g6 2. Nf3 Bg7 3. g3 d6 4. Bg2 Nc6 5. O-O Bd7 6. c4 Qc8 7. d5 Nb4 8. Qb3 Na6 9. Be3 b6 10. Nc3 Nc5 11. Qd1 Bh3 12. Bd4 Nf6 13. b4 Nb7 14. e4 Bxg2 15. Kxg2 c5 16. bxc5 Nxc5 17. e5 dxe5 18. Nxe5 O-O 19. Nc6 Re8 20. Re1 Qb7 21. Rb1 Qd7 22. Bxc5 bxc5 23. Na4 Qd6 24. Rb7 e5 25.
Qd3 e4 26. Qe3 Nd7 27. Qf4 Be5 28. Nxe5 Nxe5 29. Rxe4 f5 30. Re3 Nf7 31. Rxe8+ Rxe8 32. Qxd6 Nxd6 33. Rxa7 Nxc4 34. Nxc5 Rd8 35. Rd7 Rc8 36. Ne6 Ne5 37. Rg7+ Kh8 38. Rc7 Re8 39. a4 Ng4 40. h3 Nf6 41. Nf4 g5 42. Rf7 Ne4 43. Ne6 Nd6 44. Rd7 Nc8 45. a5 Ne7 46. d6 Nc6 47. Nc7 Rb8 48. a6 f4 49. gxf4 gxf4 50. Kf3 Ne5+ 51. Kxf4 Nxd7 52. Kf5 Nb6 53. Ke6 Kg7 54.
Ke7 Nc8+ 55. Kd7 Na7 56. Ke7 Nc6+ 57. Kd7 Rb6 58. a7 Nxa7 59. Ke7 Nc6+ 60. Kd7 Kf7 61. f4 Nb8+ 62. Kc8 Rxd6 63. f5 Nc6 64. Kb7 Ne7 65. Ne6 Nxf5 66. Ng5+ Kg6 67. Ne4 Rd4 68. Nf2 h5 69.
Kc6 Rf4 70. Nd3 Rf1 71. Kd5 Kg5 72. Ke4 Nh4 73. Ne5 Rf4+ 74. Ke3 Nf5+ 75. Kd3 Rf1 76. Ke2 Ra1 77. Nf7+ Kf4 78. Nd8 Ra2+ 79. Kd3 Rh2 80. Ne6+ Kg3 81. Ng5 Nh4 82. Ne4+ Kxh3 83. Ke3 Kg4 84.
Nf6+ Kf5 85. Ne4 Rh3+ 86. Kd4 Nf3+ 87. Kd5 Ng5 88. Nf2 Rf3 89. Nh1 h4 90. Kd4 h3 91. Kc4 h2 92. Kd4 Ne4 93. Kc4 Rf1 94. Kd3 Rxh1 95. Ke3 Rg1 96. Kf3 h1=Q+ 97. Ke2 Re1+ 98.
Kd3 Qf3+ 99. Kc2 Qc3# 0-1

[Event "Early-Titled-Tuesday-Blitz-February-27-2024"]
[Site "Chess.com"]
[Date "2024.02.27"]
[Round "5"]
[White "EsmeraldasAnderson03"]
[Black "AttackSparrow"]
[Result "0-1"]
[WhiteElo "2489"]
[BlackElo "2644"]
[TimeControl "180+1"]
[EndTime "8:56:43 PST"]
[Termination "AttackSparrow won by resignation"]

1. d4 d5 2. c4 e6 3. cxd5 exd5 4. Nc3 Nf6 5. Bg5 Bb4 6. e3 h6 7. Bxf6 Qxf6 8. Nf3 O-O 9. Be2 c6 10. O-O Re8 11.
a3 Bf8 12. b4 Be6 13. b5 c5 14. Qd2 c4 15. Ne5 Qd8 16. e4 dxe4 17. Nxe4 Bf5 18. Ng3 Rxe5 19. Qf4 Rxe2 20. Nxe2 Bd3 21. Rfe1 Nd7 22.
Ng3 Nf6 23. Nf5 Bxf5 24. Qxf5 Qxd4 25. Rad1 Qc5 26. Re5 Qxa3 27. g4 Qh3 28. Rd4 Qc3 29. Qf4 Rc8 30. g5 hxg5 31. Rxg5 Nh7 32. Rf5 Qe1+ 33.
Kg2 c3 34. Rxf7 c2 35. Rdd7 Qe6 36. Rc7 Qg6+ 37. Kh1 Rxc7 38. Rxc7 Nf6 39. Qc4+ Kh7 40. Qxc2 Qxc2 41. Rxc2 b6 42. Rc7 Bc5 43. Rxa7 Ne4 44. f4 Nd6 45. Kg2 Nxb5 46. Rb7 Nd6 47. Rb8 Kg6 48. Kf3 Kf6 49. Kg4 Nf5 50. h4 Ne3+ 51. Kf3 Nd5 52. Ke4 Ne7 53. h5 Nf5 54. Kf3 Nh6 55. Rb7 Nf7 56. Kg4 Nd8 57. Rc7 Ne6 58. Rc6 Kf7 59. Rc8 Bd6 60. Rc6 Bc5 61. f5 Nd4 62. Rc8 Kf6 63. Rc7 Nc2 64. Rb7 Ne3+ 65. Kf4 Nxf5 66. Rc7 Nd6 67. Rc6 Kf7 68. Rc7+ Kf6 69.
Rc6 Ke6 70. Rc7 Ne8 71. Rb7 Bd6+ 72. Kg5 Bc7 73. Kg6 Kd5 74. Ra7 Kc6 75. Ra1 Be5 76.
Re1 Kd6 77. Kf7 Nc7 78. Rd1+ Nd5 79. Rb1 Bd4 80. Rd1 Kc5 81. Ke6 Nf4+ 82. Kf5 Nxh5 83. Ke4 Nf6+ 84. Kd3 Be5 85. Re1 Kd5 86. Rg1 Nd7 87.
Rb1 Nc5+ 88. Ke2 Nd7 89. Kd3 Bd6 90. Ke3 g5 91. Kd3 Bf4 92. Rb5+ Kc6 93. Rf5 b5 94. Ke4 b4 95. Rf7 b3 96. Kd3 b2 97. Kc2 Bc1 98.
Rg7 Kd6 99. Rg6+ Ke5 100. Rb6 Nf6 101. Kd1 Nd5 102. Rb8 Nc3+ 103. Kc2 b1=Q+ 104. Rxb1 Nxb1 105. Kxb1 Bf4 0-1

[Event "Early-Titled-Tuesday-Blitz-February-27-2024"]
[Site "Chess.com"]
[Date "2024.02.27"]
[Round "5"]
[White "kingofthenil"]
[Black "Firouzja2003"]
[Result "1/2-1/2"]
[WhiteElo "2747"]
[BlackElo "3070"]
[TimeControl "180+1"]
[EndTime "8:56:47 PST"]
[Termination "Game drawn by stalemate"]

1. e4 c5 2. d3 Nc6 3. g3 g6 4. Bg2 Bg7 5. f4 d6 6. Nf3 Nf6 7. O-O Rb8 8. Nc3 O-O 9. h3 b5 10. g4 b4 11. Ne2 Nd7 12. Rb1 a5 13.
Be3 Ba6 14. b3 a4 15. Qd2 Bb5 16. f5 axb3 17. axb3 Ra8 18. Bh6 Nde5 19. Bxg7 Kxg7 20. g5 Ra2 21. Nxe5 Nxe5 22. f6+ Kh8 23. Nc1 Ra7 24.
Rf4 exf6 25. gxf6 g5 26. Rf5 Bd7 27. Rxg5 Qxf6 28. Ne2 Ng6 29. Rf1 Ra1 30. Rxa1 Qxa1+ 31. Kh2 Qf6 32. Ng3 Nf4 33. Rf5 Bxf5 34. Qxf4 Qe5 35.
Qxe5+ dxe5 36. exf5 Kg7 37. Ne4 Ra8 38. Nxc5 Ra2 39. Nd7 Rxc2 40. f6+ Kg6 41. Kg3 Kf5 42. Bd5 Rc7 43. Nb6 Kxf6 44. Bc4 Kg6 45. Nd5 Rb7 46.
Kf3 f5 47. Ke3 Kg5 48. Kf3 Kh4 49. Ne3 Kg5 50. Nd5 Rg7 51. Nxb4 Kh4 52. Nc6 Rg3+ 53. Kf2 e4 54. dxe4 fxe4 55. Be6 Rg6 56. Nd4 Kg5 57. Ke3 Kf6 58. Kxe4 Rg1 59. Bg4 Re1+ 60. Kd5 Re5+ 61. Kc4 h5 62. Bf3 Kg5 63. b4 Kh4 64. b5 Rxb5 65. Kxb5 Kxh3 66. Bxh5 Kg3 67. Kc4 Kf4 68.
Kd5 Kg5 69. Be8 Kf4 70. Ne6+ Ke3 71. Ke5 Kf3 72. Bc6+ Ke3 73. Be4 Kd2 74. Kd4 Kc1 75. Kc3 Kd1 76. Nd4 Ke1 77. Kd3 Kf2 78. Kd2 Kg3 79.
Ke3 Kg4 80. Nf3 Kg3 81. Bd3 Kg4 82. Bc2 Kg3 83. Bf5 Kg2 84. Kf4 Kf2 85. Nd4 Ke1 86.
Ke3 Kd1 87. Ne2 Ke1 88. Be4 Kf1 89. Bf3 Ke1 90. Nd4 Kf1 91. Ne2 Ke1 92. Bg2 Kd1 93. Nd4 Kc1 94. Bf3 Kb2 95. Kd3 Ka3 96. Nc6 Kb3 97.
Bd5+ Ka4 98. Kc4 Ka3 99. Kc3 Ka4 100. Bc4 Ka3 101. Nb4 Ka4 102. Nc6 Ka3 103. Bb5 Ka2 104. Nb4+ Kb1 105. Nc2 Kc1 106. Be2 Kb1 107. Nb4 Kc1 108. Nd3+ Kb1 109. Kb3 Ka1 110. Bf3 Kb1 111. Bd1 Ka1 112. Kc3 Kb1 113. Bc2+ Ka1 114. Nb4 1/2-1/2

[Event "Early-Titled-Tuesday-Blitz-February-27-2024"]
[Site "Chess.com"]
[Date "2024.02.27"]
[Round "5"]
[White "GreenPeach24"]
[Black "ketster"]
[Result "1-0"]
[WhiteElo "2473"]
[BlackElo "2596"]
[TimeControl "180+1"]
[EndTime "8:56:47 PST"]
[Termination "GreenPeach24 won by checkmate"]

1. d4 d5 2. Bf4 Nf6 3. e3 c5 4. c3 e6 5. Nd2 Nc6 6. Ngf3 cxd4 7. exd4 Nh5 8. Bg5 Qc7 9. Bb5 Bd7 10. Ne5 Nxe5 11. Bxd7+ Nxd7 12. Qxh5 g6 13. Qh3 Qb6 14. Rb1 f6 15. Be3 Bg7 16. O-O O-O 17. c4 Rad8 18.
c5 Qc6 19. b4 a6 20. a4 f5 21. b5 axb5 22. axb5 Qc7 23. f4 Nf6 24. Rfc1 Ne4 25. Nf3 Ra8 26. Qh4 Ra3 27. Qe1 Rfa8 28. Ra1 b6 29. c6 Nd6 30. Rxa3 Rxa3 31. Rb1 Nc4 32. Bc1 Ra5 33. Ne5 Bxe5 34. fxe5 Kf7 35. Qh4 Ra7 36.
Qf6+ Kg8 37. Qxe6+ Qf7 38. Qc8+ Qf8 39. Qxf8+ Kxf8 40. e6 Ke7 41. Bg5+ Kxe6 42. Re1+ Kf7 43. Bf4 Ra8 44. c7 Rc8 45. Ra1 h6 46. h4 g5 47.
hxg5 hxg5 48. Bxg5 Rxc7 49. Bf4 Rd7 50. Ra6 Ke6 51. Kf2 Rg7 52. g3 Rd7 53. Kf3 Kf6 54. Ra8 Kf7 55. Rc8 Ke6 56. Rc6+ Kf7 57. Rh6 Kg7 58.
Rh5 Kg6 59. Rh6+ Kg7 60. Rc6 Kf7 61. Be5 Nd2+ 62. Kf4 Nc4 63. Kxf5 Ke7 64. Bf6+ Kf7 65. Be5 Ke7 66. g4 Rd8 67. g5 Rf8+ 68. Bf6+ Kf7 69. g6+ Kg8 70. Kg5 Re8 71. Rc7 Nd6 72. Kh6 Nf5+ 73. Kg5 Nd6 74. Rg7+ Kf8 75. Rh7 Ne4+ 76. Kf5 Nxf6 77. Kxf6 Kg8 78. Rg7+ Kf8 79. Rd7 Kg8 80. Rxd5 Rf8+ 81. Kg5 Rf1 82. Rd7 Rg1+ 83. Kf6 Rf1+ 84. Ke5 Rg1 85. g7 Re1+ 86. Kd5 Rc1 87. Kd6 Rd1 88. Kc6 Rc1+ 89. Kxb6 Rc2 90. Kb7 Rc1 91. b6 Rc2 92. d5 Rc1 93. d6 Rc2 94. Kb8 Rc1 95.
b7 Rc2 96. Re7 Rc1 97. d7 Rc2 98. d8=Q+ Kh7 99. g8=Q+ Kh6 100. Qd6+ Kh5 101. Qe5+ Kh6 102. Rh7# 1-0

[Event "Early-Titled-Tuesday-Blitz-February-27-2024"]
[Site "Chess.com"]
[Date "2024.02.27"]
[Round "5"]
[White "Vaathi_Coming"]
[Black "jk13"]
[Result "1/2-1/2"]
[WhiteElo "2908"]
[BlackElo "2702"]
[TimeControl "180+1"]
[EndTime "8:57:11 PST"]
[Termination "Game drawn by stalemate"]

1. d4 Nf6 2. c4 e6 3. Nf3 Bb4+ 4. Bd2 Bxd2+ 5. Qxd2 O-O 6. Nc3 d5 7. e3 Qe7 8. Bd3 dxc4 9. Bxc4 Rd8 10. O-O c5 11. Qe2 Nc6 12. dxc5 Qxc5 13. Rac1 Bd7 14. a3 Rac8 15.
Ba2 Qe7 16. Bb1 a6 17. Ne4 Nxe4 18. Bxe4 Na5 19. Rxc8 Rxc8 20. Qe1 Nc6 21. Qc3 Nd8 22. Qd2 Bc6 23. Rc1 Rc7 24. Bxc6 Nxc6 25. Rd1 g6 26. h4 h5 27. g3 Qf6 28. Kg2 Rc8 29. Rc1 Rd8 30. Qe2 Qf5 31. e4 Qf6 32. Rc3 Kg7 33.
Qe3 e5 34. Qb6 Rd7 35. Ng5 Nd4 36. Qa5 Nb5 37. Rc8 Nd6 38. Rb8 Nc4 39. Qc5 Nd6 40. b4 Qe7 41. a4 Rc7 42. Qd5 Nc4 43.
b5 axb5 44. Qxb5 Nd6 45. Qb4 Qf6 46. Ra8 Rc2 47. Qb6 Re2 48. Qc5 Ra2 49. Ra7 Rb2 50.
Ra8 Ra2 51. a5 Ra4 52. Qe3 Rc4 53. Qb6 Rc2 54. Qe3 Rc6 55. a6 Rxa6 56. Rb8 Ra4 57. Qc5 Rc4 58. Qe3 Rc3 59. Qxc3 Qe7 60. Qb2 f6 61. Ra8 fxg5 62. hxg5 Qxg5 63. Qb6 Qf6 64. Qe3 Nc4 65. Qf3 Nd6 66. Qxf6+ Kxf6 67. Rd8 Nxe4 68.
Rb8 Nd6 69. Kf3 Ke6 70. Ke3 Kf6 71. Rd8 Ke6 72. Rg8 Kf6 73. Rb8 Ke6 74. Kd3 Kf6 75.
Kc3 Ne4+ 76. Kc4 Nxf2 77. Rxb7 Ne4 78. Kd5 Nxg3 79. Rb3 Nf5 80. Ke4 Nd6+ 81. Kf3 Kf5 82. Rb8 Nf7 83. Rf8 Kf6 84. Ke4 Ke7 85. Rg8 Kf6 86.
Rf8 g5 87. Rg8 h4 88. Kf3 Kf5 89. Rf8 Kg6 90. Kg4 Nh6+ 91. Kh3 Kh5 92. Re8 g4+ 93. Kg2 Nf7 94. Rg8 Ng5 95. Re8 e4 96. Rg8 g3 97. Re8 Kg4 98. Rh8 h3+ 99. Kf1 e3 100. Ra8 h2 101. Kg2 e2 102. Ra4+ Kf5 103. Ra1 Kf4 104.
Re1 Ke3 105. Kxg3 Nf3 106. Rxe2+ Kxe2 107. Kg2 Ke3 108. Kh1 Kf4 109. Kg2 Kg4 110. Kh1 Kf4 111. Kg2 Ke3 112. Kh1 Ke2 113. Kg2 Ke1 114. Kh1 Kf1 1/2-1/2

[Event "Early-Titled-Tuesday-Blitz-February-27-2024"]
[Site "Chess.com"]
[Date "2024.02.27"]
[Round "6"]
[White "laziestwin"]
[Black "Akewjon"]
[Result "1-0"]
[WhiteElo "2581"]
[BlackElo "2796"]
[TimeControl "180+1"]
[EndTime "8:59:10 PST"]
[Termination "laziestwin won by resignation"]

1. d4 Nf6 2. c4 e6 3. a3 d5 4. cxd5 exd5 5. Nc3 Bf5 6. Qb3 b6 7. Bf4 c6 8. e3 Bd6 9. Bxd6 Qxd6 10. Nf3 Nbd7 11. Qb4 c5 12. dxc5 bxc5 13. Nb5 Qb6 14. Qf4 Qxb5 15. Bxb5 1-0

[Event "Early-Titled-Tuesday-Blitz-February-27-2024"]
[Site "Chess.com"]
[Date "2024.02.27"]
[Round "6"]
[White "Fonsofan"]
[Black "SuperBlitz2013"]
[Result "1-0"]
[WhiteElo "2741"]
[BlackElo "2259"]
[TimeControl "180+1"]
[EndTime "8:59:20 PST"]
[Termination "Fonsofan won by resignation"]

1. b4 e5 2. Bb2 Bxb4 3. Bxe5 Nf6 4. Nf3 O-O 5. e3 Re8 6. Be2 d5 7. O-O Bd6 8. Bxd6 Qxd6 9. c4 c6 10. d4 Bg4 11. Qb3 dxc4 12. Bxc4 Qd7 13. Ne5 Qc7 14. Bxf7+ 1-0

[Event "Early-Titled-Tuesday-Blitz-February-27-2024"]
[Site "Chess.com"]
[Date "2024.02.27"]
[Round "6"]
[White "dorpato"]
[Black "Tugrik1969"]
[Result "0-1"]
[WhiteElo "2098"]
[BlackElo "2382"]
[TimeControl "180+1"]
[EndTime "8:59:33 PST"]
[Termination "Tugrik1969 won by resignation"]

1. e4 c5 2. Nc3 a6 3. g3 b5 4.
Bg2 Bb7 5. d3 Nf6 6. h3 e6 7.
Be3 Qc7 8. f4 d5 9. e5 d4 10.
Bxb7 Qxb7 11. exf6 Qxh1 12. fxg7 Bxg7 0-1